 Dungeon Crawl Stone Soup version 0.28-a0-479-g5baa6b73be (webtiles) character file.

Game seed: 17304028695326986073

322 tatocazan the Covert (level 6, -3/30 HPs)
             Began as a Spriggan Brigand on Sept 17, 2021.
             Was an Initiate of Wu Jian.
             Slain by Menkaure (23 damage)
             ... on level 5 of the Dungeon.
             The game lasted 00:07:07 (4129 turns).

tatocazan the Covert (Spriggan Brigand)             Turns: 4129, Time: 00:07:08

Health: -3/30      AC:  3    Str:  7    XL:     6   Next: 22%
Magic:  7/7        EV: 16    Int: 13    God:    Wu Jian [......]
Gold:   255        SH:  0    Dex: 18    Spells: 5/5 levels left

rFire   . . .      SeeInvis +   l - +2 dagger (venom)
rCold   . . .      Faith    .   (shield restricted)
rNeg    + . .      Spirit   .   b - +0 robe
rPois   .          Reflect  .   (helmet restricted)
rElec   .          Harm     .   c - +0 cloak
rCorr   .          Rampage  .   (gloves unavailable)
Will    +....                   (boots unavailable)
Stlth   ++++......              h - amulet of regeneration
HPRegen 1.10/turn               j - ring of positive energy
MPRegen 0.10/turn               (no ring)

@: very quick
A: very small, no large weapons, unfitting armour, see invisible, speed 3
a: Renounce Religion


You were on level 5 of the Dungeon.
You worshipped Wu Jian.
Wu Jian was noncommittal.
You visited 2 branches of the dungeon, and saw 6 of its levels.

You collected 255 gold pieces.

Inventory:

Hand Weapons
 l - a +2 dagger of venom (weapon)
 p - a +0 demon whip
Missiles
 d - 6 poisoned darts (quivered)
 e - 2 curare-tipped darts
Armour
 b - a +0 robe (worn)
 c - a +0 cloak (worn)
Jewellery
 h - an amulet of regeneration (around neck)
 j - a ring of positive energy (left hand)
 r - an amulet of reflection
Wands
 m - a wand of mindburst (8)
Scrolls
 g - a scroll of holy word {unknown}
 i - a scroll of amnesia {unknown}
 k - 6 scrolls of identify {unknown}
 q - a scroll of enchant armour {unknown}
 s - a scroll of immolation {unknown}
Potions
 a - a potion of mutation {unknown}
 f - 2 potions of cancellation
 n - 2 potions of curing {unknown}
 o - a potion of might {unknown}


   Skills:
 - Level 1.5 Fighting
 * Level 6.1 Short Blades
 - Level 2.0 Throwing
 - Level 1.3 Dodging
 + Level 8.1 Stealth


You had 5 spell levels left.
You didn't know any spells.
Your spell library was empty.

Dungeon Overview and Level Annotations

Branches:
Dungeon (5/15)             Temple (1/1) D:4

Altars:
Ashenzari
Dithmenos
Elyvilon
Gozag
Hepliaklqana
Nemelex Xobeh
Ru
Sif Muna
Trog
Vehumet
Wu Jian
Yredelemnul
Zin

Annotations:
D:5 Menkaure


Innate Abilities, Weirdness & Mutations

You are very small and have problems with some larger weapons.
You are too small for most types of armour.
You have supernaturally acute eyesight. (SInv)
You cover ground extremely quickly. (Speed+++)


Message History

You regained 3 hp, and now have 26/30 hp.
You start resting.
HP restored.
Health restored: 30 A bullfrog zombie is nearby!
You see here a +0 great sword.
Menkaure shouts!
Menkaure misses you.
There is a stone staircase leading down here.
You hit Menkaure.
Menkaure is lightly damaged.
You hit Menkaure but do no damage.
Menkaure is lightly damaged.
Menkaure gestures wildly while chanting.
Menkaure seems to speed up.
You hit Menkaure.
Menkaure is lightly damaged.
Menkaure closely misses you.
You hit Menkaure.
Menkaure is lightly damaged.
You completely miss Menkaure.
Menkaure is lightly damaged.
Menkaure giggles, "These cerements are ticklish..."
Menkaure hits you!
You take 14 damage, and have 16/30 hp.
MASSIVE DAMAGE!!
You hit Menkaure but do no damage.
Menkaure is lightly damaged.
Menkaure misses you.
You closely miss Menkaure.
Menkaure is lightly damaged.
Menkaure barely misses you.
Menkaure points at you and mumbles some strange words.
You resist with significant effort.
You climb downwards.
There is a stone staircase leading up here.
You regained 3 hp, and now have 20/30 hp.
An ogre comes into view. It is wielding a +0 giant club.
Menkaure hits you!!
Ouch! That really hurt!
You die...

......
....# .
....# ..
#... ...
#... ....
#..#
.....#..#
......M<#
.......@#
........#
.........
######...#
#.### ..
.# O#


You could see an ogre (asleep) and Menkaure (fast).

Vanquished Creatures
  A black bear (D:4)
  2 hounds
  An iguana (D:5)
  Ijyb (D:3)
  A howler monkey skeleton (D:4)
  2 adders
  2 dart slugs
  4 orcs (D:3)
  8 endoplasms
  2 giant cockroaches
  9 goblins
  11 hobgoblins
  3 jackals (D:1)
  4 kobolds
  5 quokkas
  9 ball pythons
  3 bats (D:1)
  5 rats (D:1)
  A butterfly (D:4)
74 creatures vanquished.

Vanquished Creatures (others)
  5 plants (D:1)
5 creatures vanquished.

Grand Total: 79 creatures vanquished

Notes
Turn   | Place    | Note
-------+----------+-------------------------------------------
     0 | D:1      | tatocazan the Spriggan Brigand began the quest for the Orb.
     0 | D:1      | Reached XP level 1. HP: 10/10 MP: 2/2
   100 | D:1      | Reached skill level 6 in Stealth
   123 | D:1      | Reached XP level 2. HP: 13/14 MP: 3/3
   900 | D:1      | Reached XP level 3. HP: 18/18 MP: 4/4
  2028 | D:2      | Reached XP level 4. HP: 22/22 MP: 5/5
  2989 | D:3      | Noticed Ijyb
  3003 | D:3      | Killed Ijyb
  3004 | D:3      | Reached skill level 7 in Stealth
  3389 | D:4      | Found a staircase to the Ecumenical Temple.
  3403 | Temple   | Entered the Ecumenical Temple
  3459 | Temple   | Became a worshipper of the Wu Jian Council
  3844 | D:4      | Noticed Menkaure
  3942 | D:5      | Entered Level 5 of the Dungeon
  3943 | D:5      | Noticed a black bear
  3950 | D:5      | Reached skill level 5 in Short Blades
  3950 | D:5      | Reached XP level 5. HP: 25/25 MP: 6/6
  3995 | D:4      | Killed a black bear
  3996 | D:4      | Reached skill level 8 in Stealth
  3996 | D:4      | Reached XP level 6. HP: 30/30 MP: 7/7
  4129 | D:5      | Slain by Menkaure

Illustrated notes

Levels and vault maps discovered:
D:1:      lordsloth_arrival_two_stooges, layout_basic, serial_bayou_pond_a
D:2:      cheibrodos_greedy_goblins, layout_loops_corners
D:3:      layout_basic, uniq_ijyb
D:4:      layout_loops_ring, lemuel_mausoleum_altar_kikubaaqudgha,
          minmay_temple_entry_butterflies, uniq_menkaure
D:5:      layout_cave_pods, kennysheep_big_empty_room
Temple:   regret_index_temple_waves

Skill      XL: |  1  2  3  4  5  6 |
---------------+-------------------+-----
Stealth        | 6 7 8 |  8.1
Short Blades   | 3 4 5 6 |  6.1
Fighting       | |  1.5
Throwing       | |  2.0
Dodging        | |  1.3

Action                   |  1- 3 |  4- 6 || total
-------------------------+-------+-------++-------
Melee: Dagger            |   165 |   124 ||   289
Throw: Dart              |     4 |    14 ||    18
Invok: Lunge             |       |     3 ||     3
Evoke: Wand              |       |     3 ||     3
  Use: Potion            |       |     1 ||     1
 Stab: Sleeping          |    17 |     5 ||    22
Armor: Robe              |    18 |    14 ||    32
Dodge: Dodged            |    94 |    65 ||   159

Table legend: (Time is in decaauts)
 A = Elapsed time spent in this place.
 B = Non-inter-level travel time spent in this place.
 C = Inter-level travel time spent in this place.
 D = Time resting spent in this place.
 E = Time spent auto-exploring this place.
 F = Levels seen in this place.
 G = Mean time per level.
                   A        B        C        D        E       F      G
               +--------+--------+--------+--------+--------+-----+--------+
         Total |   2969 |   2875 |     94 |    786 |   1451 |   6 |  494.8 |
       Dungeon |   2911 |   2839 |     72 |    786 |   1426 |   5 |  582.2 |
        Temple |     58 |     36 |     22 |      0 |     25 |   1 |   58.0 |
               +--------+--------+--------+--------+--------+-----+--------+

Top non-repeatable levels by time:
     D:1: 1207 daAuts
     D:3: 727 daAuts
     D:2: 595 daAuts
     D:4: 303 daAuts
     D:5: 77 daAuts
  Temple: 58 daAuts
